 Dungeon Crawl Stone Soup version 0.27-a0-334-g52645efa06 (webtiles) character file.

Game seed: 11830838055989402032

18726 Leibowitz the Severer (level 12, -2/160 HPs)
             Began as a Minotaur Fighter on Feb 13, 2021.
             Was a High Priest of Okawaru.
             Slain by a seven-headed hydra (8 damage)
             ... on level 10 of the Dungeon.
             The game lasted 00:32:33 (10162 turns).

Leibowitz the Severer (Minotaur Fighter)           Turns: 10162, Time: 00:32:35

Health: -2/160     AC: 30    Str: 24    XL:     12   Next: 30%
Magic:  11/11      EV:  2    Int:  5    God:    Okawaru [*****.]
Gold:   777        SH: 12    Dex: 12    Spells: 11/11 levels left

rFire    . . .     SeeInvis .   b - +0 trident
rCold    . . .     Faith    .   c - +0 kite shield
rNeg     + + +     Spirit   .   (armour currently unavailable)
rPois    +         Reflect  .   (helmet currently unavailable)
rElec    .         Harm     .   (cloak currently unavailable)
rCorr    .         Rampage  .   (gloves currently unavailable)
Will     .....     NoTele   +   (boots currently unavailable)
Stlth    +.........             x - amulet of regeneration
HPRegen  0.76/turn              h - +4 ring of slaying
MPRegen  0.12/turn              I - +4 ring of protection

@: tree-form
A: (retaliatory headbutt)
a: Renounce Religion, Heroism, Finesse


You were on level 10 of the Dungeon.
You worshipped Okawaru.
Okawaru was extremely pleased with you.
You were a tree.
You visited 3 branches of the dungeon, and saw 14 of its levels.

You collected 946 gold pieces.
You spent 169 gold pieces at shops.

Inventory:

Hand Weapons
 a - a +0 broad axe
 b - a +0 trident (weapon)
 D - a +2 vorpal war axe
Missiles
 k - 44 poisoned darts
 y - 12 curare-tipped darts (quivered)
Armour
 c - a +0 kite shield (worn)
 j - a +0 cloak (melded)
 F - a +0 pair of gloves (melded)
 S - a +0 plate armour of fire resistance (melded)
Jewellery
 h - a +4 ring of slaying (left branch)
 s - a ring of protection from fire
 w - a ring of ice
 x - an amulet of regeneration (around neck)
 I - a +4 ring of protection (right branch)
Wands
 E - a wand of iceblast (6)
 K - a wand of flame (8)
 L - a wand of digging (6)
 O - a wand of charming (8)
 R - a wand of mindburst (15)
Scrolls
 f - 5 scrolls of teleportation {unknown}
 l - 2 scrolls of immolation {unknown}
 m - 2 scrolls of fog {unknown}
 o - 15 scrolls of identify {unknown}
 r - 2 scrolls of fear {unknown}
 u - a scroll of enchant weapon {unknown}
 z - 5 scrolls of blinking {unknown}
 B - 3 scrolls of enchant armour {unknown}
 C - a scroll of random uselessness {unknown}
 M - a scroll of silence {unknown}
 N - a scroll of amnesia {unknown}
 P - a scroll of acquirement {unknown}
 Q - 3 scrolls of noise {unknown}
Potions
 d - 3 potions of might
 e - 3 potions of lignification
 g - 7 potions of curing
 i - 3 potions of degeneration {unknown}
 n - 2 potions of brilliance {unknown}
 p - 3 potions of attraction {unknown}
 q - 4 potions of haste {unknown}
 t - 2 potions of heal wounds {unknown}
 v - 2 potions of mutation {unknown}
 A - 2 potions of flight {unknown}
 H - a potion of magic {unknown}
 J - 2 potions of berserk rage {unknown}


   Skills:
 * Level 10.5 Fighting
 * Level 15.3 Axes
 + Level 1.1 Throwing
 * Level 9.8 Armour
 * Level 7.0 Dodging
 * Level 10.6 Shields
 + Level 0.4 Evocations


You had 11 spell levels left.
You didn't know any spells.
Your spell library was empty.

Dungeon Overview and Level Annotations

Branches:
Dungeon (10/15)            Temple (1/1) D:7            Lair (3/6) D:10
 Shoals (0/4) Lair:2       Spider (0/4) Lair:2
    Orc: D:9-12

Altars:
Ashenzari
Cheibriados
Dithmenos
Elyvilon
Fedhas
Gozag
Hepliaklqana
Kikubaaqudgha
Makhleb
Nemelex Xobeh
Okawaru
Qazlal
Ru
Sif Muna
Trog
Uskayaw
Vehumet
Wu Jian
Xom
Yredelemnul
Zin
The Shining One

Shops:
D:4 (

Annotations:
D:6 Prince Ribbit
Lair:1 Sonja


Innate Abilities, Weirdness & Mutations

((You reflexively headbutt those who attack you in melee.))
((You have a pair of horns on your head.))


Message History

You block the seven-headed hydra's attack.
The seven-headed hydra bites you but does no damage. x2
You hit the seven-headed hydra.
The seven-headed hydra is severely wounded.
The seven-headed hydra closely misses you.
The seven-headed hydra bites you!
* * * LOW HITPOINT WARNING * * *
The seven-headed hydra bites you but does no damage.
The seven-headed hydra closely misses you.
The seven-headed hydra bites you but does no damage. x2
You block the seven-headed hydra's attack.
You hit the seven-headed hydra.
The seven-headed hydra is severely wounded.
You block the seven-headed hydra's attack. x2
The seven-headed hydra bites you but does no damage.
You block the seven-headed hydra's attack.
The seven-headed hydra bites you!
* * * LOW HITPOINT WARNING * * *
The seven-headed hydra bites you!
* * * LOW HITPOINT WARNING * * *
The seven-headed hydra bites you but does no damage.
Really quaff the potion of lignification?
You turn into a tree.
Your +0 cloak melds into your body.
Your +0 pair of gloves melds into your body.
Your +0 plate armour of fire resistance melds into your body.
You feel less resistant to fire.
Your roots penetrate the ground.
You block the seven-headed hydra's attack.
The seven-headed hydra bites you but does no damage.
You block the seven-headed hydra's attack.
The seven-headed hydra bites you but does no damage. x3
The seven-headed hydra bites you!
* * * LOW HITPOINT WARNING * * *
You puncture the seven-headed hydra!
The seven-headed hydra is almost dead.
You block the seven-headed hydra's attack.
The seven-headed hydra bites you but does no damage.
You block the seven-headed hydra's attack. x2
The seven-headed hydra bites you but does no damage.
The seven-headed hydra bites you!
You die...

##### ##P.........##.#..<....
....# ###....P.......#.#.......
###.#####..P..P...PP...#.........
.............P..P.....P.##.......
##.######...P......P.............
##.# #..P..........P..#.......
##.# #.P......P..P....####.###
##.#### #.....PD........P# #.#
......# #....PP.♣.P...P..# #.###
##.##)# #...P...........P####....
...##)# #....P.PP.....P...#......
#####.###..P.P..P.P.........#####
#....)...............###.# # #
#..###......P..PPP..P....##### #
#....###...P......P........... #
##...)###....P.P...P.##########
###....)..)).P......P.## #


You could see a seven-headed hydra.

Vanquished Creatures
  2 hydras
  Fannar (Lair:1)
  An orb spider (Lair:2)
  A manticore (Lair:2)
  6 elephants (Lair:3)
  2 black mambas (Lair:2)
  Maggie (D:8)
  4 cane toads (Lair:2)
  A komodo dragon (Lair:1)
  A polar bear (Lair:2)
  A wind drake (Lair:2)
  4 wyverns
  A spriggan (Lair:2)
  Sigmund (D:5)
  8 yaks
  Eustachio (D:6)
  A steam dragon (D:8)
  Menkaure (D:5)
  Edmund (D:5)
  5 water moccasins
  4 ice beasts
  6 orc warriors
  7 black bears
  A sky beast (D:9)
  A necrophage (D:6)
  4 ogres
  4 centaurs
  17 wolves
  A phantom (D:2)
  2 kobold brigands
  19 bullfrogs
  A gnoll sergeant (D:7)
  2 wyvern skeletons (D:8)
  4 scorpions
  10 killer bees
  5 wights (D:10)
  2 howler monkeys (D:10)
  3 centaur zombies
  2 jellies
  4 hounds
  2 centaur skeletons
  4 bullfrog skeletons
  2 bullfrog zombies (D:8)
  4 orc priests
  Jessica (D:3)
  10 worker ants
  3 iguanas
  10 orc wizards
  3 worker ant zombies
  12 gnolls
  5 adders
  A shadow imp (D:10)
  3 white imps
  4 ufetubi
  3 oozes
  An adder zombie (D:9)
  2 adder skeletons
  3 dart slugs
  2 leopard geckos
  30 orcs
  4 giant cockroaches
  5 goblins (D:3)
  8 hobgoblins
  12 jackals
  16 kobolds
  A quokka (D:5)
  3 ball pythons
  14 bats
  6 frilled lizards
  A leopard gecko skeleton (D:4)
  A quokka skeleton (D:8)
  8 rats
327 creatures vanquished.

Vanquished Creatures (others)
  An orc wizard (D:9)
  38 fungi
  47 plants
86 creatures vanquished.

Grand Total: 413 creatures vanquished

Notes
Turn   | Place    | Note
-------+----------+-------------------------------------------
     0 | D:1      | Leibowitz the Minotaur Fighter began the quest for the Orb.
     0 | D:1      | Reached XP level 1. HP: 19/19 MP: 0/0
  1027 | D:2      | Reached XP level 2. HP: 27/27 MP: 1/1
  1372 | D:2      | Reached skill level 3 in Axes
  1372 | D:2      | Reached XP level 3. HP: 32/33 MP: 2/2
  1480 | D:2      | Found a burning altar of Makhleb.
  1819 | D:2      | Noticed a phantom
  1824 | D:2      | Killed a phantom
  1825 | D:2      | Reached skill level 4 in Axes
  1825 | D:2      | Reached skill level 1 in Dodging
  1825 | D:2      | Reached XP level 4. HP: 35/40 MP: 3/3
  1974 | D:3      | Reached XP level 5. HP: 44/46 MP: 4/4
  2179 | D:3      | Noticed Jessica
  2190 | D:3      | Killed Jessica
  2395 | D:3      | You fall into a shaft and drop 1 floor!
  2400 | D:4      | Reached skill level 5 in Axes
  2402 | D:4      | Reached XP level 6. HP: 52/53 MP: 5/5
  2494 | D:4      | Reached skill level 5 in Shields
  2647 | D:3      | Noticed a water elemental
  2649 | D:3      | Found a stormy altar of Qazlal.
  2652 | D:3      | Noticed an air elemental
  2652 | D:3      | Noticed a fire elemental
  2900 | D:4      | Reached skill level 6 in Axes
  2902 | D:4      | Found Omuplyb's Antique Weapon Shoppe.
  2929 | D:4      | Reached skill level 5 in Armour
  2929 | D:4      | Reached XP level 7. HP: 32/60 MP: 6/6
  2992 | D:4      | Reached skill level 7 in Axes
  3057 | D:4      | Bought a runed war axe for 169 gold pieces
  3371 | D:5      | Entered Level 5 of the Dungeon
  3435 | D:5      | Noticed Menkaure
  3437 | D:5      | Noticed Sigmund
  3469 | D:5      | Killed Menkaure
  3470 | D:5      | Reached skill level 5 in Fighting
  3485 | D:5      | Killed Sigmund
  3762 | D:5      | Found a sparkling altar of Nemelex Xobeh.
  3910 | D:5      | You fall into a shaft and drop 1 floor!
  3931 | D:6      | Found a blossoming altar of Fedhas.
  3934 | D:6      | Reached skill level 8 in Axes
  3934 | D:6      | Reached XP level 8. HP: 63/70 MP: 7/7
  4112 | D:5      | Noticed Edmund
  4121 | D:5      | Killed Edmund
  4245 | D:6      | Noticed Prince Ribbit
  4348 | D:6      | Noticed Eustachio
  4361 | D:6      | Reached skill level 9 in Axes
  4377 | D:6      | Killed Eustachio
  4692 | D:6      | Found a shimmering altar of Xom.
  4838 | D:7      | Reached XP level 9. HP: 66/78 MP: 8/8
  4979 | D:7      | Reached skill level 10 in Axes
  5238 | D:7      | Found a staircase to the Ecumenical Temple.
  5248 | Temple   | Entered the Ecumenical Temple
  5403 | Temple   | Became a worshipper of Warmaster Okawaru
  6183 | D:8      | Reached skill level 11 in Axes
  6246 | D:8      | Reached * piety under Okawaru
  6291 | D:8      | Reached XP level 10. HP: 86/86 MP: 9/9
  6503 | D:8      | Noticed Maggie
  6510 | D:8      | Killed Maggie
  6814 | D:9      | Reached ** piety under Okawaru
  6926 | D:9      | Reached skill level 12 in Axes
  6931 | D:9      | Found an ornate altar of the Wu Jian Council.
  7375 | D:10     | Entered Level 10 of the Dungeon
  7481 | D:10     | Reached skill level 5 in Dodging
  7546 | D:10     | Reached *** piety under Okawaru
  7558 | D:10     | Found a staircase to the Lair.
  7572 | D:10     | Reached skill level 1 in Throwing
  7859 | D:10     | Reached skill level 13 in Axes
  8191 | Lair:1   | Entered Level 1 of the Lair of Beasts
  8215 | Lair:1   | Noticed Fannar
  8270 | Lair:1   | Killed Fannar
  8270 | Lair:1   | Reached **** piety under Okawaru
  8271 | Lair:1   | Reached XP level 11. HP: 95/95 MP: 10/10
  8285 | Lair:1   | Noticed a five-headed hydra
  8291 | Lair:1   | Killed a five-headed hydra
  8295 | Lair:1   | Noticed Sonja
  8298 | Lair:1   | Reached ***** piety under Okawaru
  8357 | Lair:1   | Noticed a seven-headed hydra
  8404 | Lair:2   | Found a hole to the Spider Nest.
  8404 | Lair:2   | Noticed an orb spider
  8430 | Lair:2   | Killed an orb spider
  8478 | Lair:2   | Received a gift from Okawaru
  8529 | Lair:2   | Reached skill level 14 in Axes
  8898 | Lair:2   | Received a gift from Okawaru
  9044 | Lair:2   | Reached skill level 10 in Shields
  9288 | Lair:2   | Found a staircase to the Shoals.
  9382 | Lair:3   | Noticed a four-headed hydra
  9391 | Lair:3   | Killed a four-headed hydra
  9392 | Lair:3   | Reached skill level 10 in Fighting
  9479 | Lair:3   | Reached XP level 12. HP: 106/106 MP: 11/11
  9553 | Lair:3   | Reached skill level 15 in Axes
 10161 | D:10     | HP: 5/160 [seven-headed hydra (9)]
 10162 | D:10     | Slain by a seven-headed hydra

Illustrated notes

Levels and vault maps discovered:
D:1:      kilobyte_arrival_exit_the_forest, layout_loops_cross,
          minmay_stone_trees_small, hangedman_decor_growths
D:2:      minmay_chambers_of_ones, layout_loops_ring, marbit_many_paths
D:3:      layout_rooms, nicolae_qazlal_style_of_elements, minmay_misc_feat_x,
          uniq_jessica
D:4:      layout_cave_pools, serial_shops, nicolae_shop_waterfront
D:5:      layout_rooms, kennysheep_mini_moat, chequers_avenue, minivault_14,
          uniq_sigmund, uniq_menkaure, uniq_edmund
D:6:      layout_rooms, old_standard_altar, old_standard_altar,
          minmay_misc_feat_plants, uniq_prince_ribbit1, uniq_eustachio
D:7:      layout_layer_cave, minmay_temple_entry_antechambers,
          kennysheep_path_1, glass_columns_b
D:8:      layout_cave_pools, minmay_bent, uniq_maggie
D:9:      layout_loops_cross, kennysheep_little_box
D:10:     layout_loops_ring, due_lair_maze_entry_diamond, nicolae_two_hexagons
Temple:   nicolae_temple_elliptical
Lair:1:   layout_concentric_octagons, disabler_island, uniq_sonja, uniq_fannar,
          uniq_harold
Lair:2:   layout_chaotic_city, minmay_shoals_entry_beasts,
          nicolae_spider_entry_orb_guardian, grunt_forest_stairs_clearing
Lair:3:   layout_long_grid

Skill      XL: |  1  2  3  4  5  6  7  8  9 10 11 12 |
---------------+-------------------------------------+-----
Shields        | 4 5 6 7 9 10 | 10.6
Armour         | 4 5 7 8 9 |  9.8
Axes           | 3 4 5 6 8 9 11 13 14 15 | 15.3
Fighting       | 4 5 6 7 8 10 | 10.5
Dodging        | 1 2 3 4 5 6 7 |  7.0
Throwing       | 1 |  1.1
Evocations     | |  0.4

Action                   |  1- 3 |  4- 6 |  7- 9 | 10-12 || total
-------------------------+-------+-------+-------+-------++-------
Melee: War axe           |    71 |    86 |   208 |   172 ||   537
       Headbutt          |     9 |    17 |    29 |    81 ||   136
       Broad axe         |       |       |       |   195 ||   195
       Trident           |       |       |       |    11 ||    11
Throw: Dart              |       |     3 |     5 |    10 ||    18
Evoke: Wand              |       |       |       |     6 ||     6
  Use: Potion            |       |       |     3 |     1 ||     4
Armor: Scale mail        |    46 |    35 |     9 |       ||    90
       Chain mail        |       |       |     7 |       ||     7
       Skin              |       |       |     1 |     6 ||     7
       Plate armour      |       |       |   117 |   282 ||   399
Dodge: Dodged            |    21 |    31 |    77 |   149 ||   278
Block: Kite shield       |    53 |    46 |   144 |   273 ||   516

Table legend: (Time is in decaauts)
 A = Elapsed time spent in this place.
 B = Non-inter-level travel time spent in this place.
 C = Inter-level travel time spent in this place.
 D = Time resting spent in this place.
 E = Time spent auto-exploring this place.
 F = Levels seen in this place.
 G = Mean time per level.
                   A        B        C        D        E       F      G
               +--------+--------+--------+--------+--------+-----+--------+
         Total |  10293 |   9831 |    462 |    586 |   7012 |  14 |  735.2 |
       Dungeon |   8164 |   7815 |    349 |    450 |   5633 |  10 |  816.4 |
        Temple |    181 |    150 |     31 |      0 |    148 |   1 |  181.0 |
          Lair |   1947 |   1865 |     82 |    136 |   1231 |   3 |  649.0 |
               +--------+--------+--------+--------+--------+-----+--------+

Top non-repeatable levels by time:
     D:7: 1175 daAuts
     D:2: 1016 daAuts
     D:1: 999 daAuts
  Lair:2: 992 daAuts
    D:10: 835 daAuts
     D:5: 801 daAuts
  Lair:3: 768 daAuts
     D:3: 732 daAuts
     D:4: 717 daAuts
     D:9: 697 daAuts
     D:6: 642 daAuts
     D:8: 546 daAuts
  Lair:1: 186 daAuts
  Temple: 181 daAuts
